 Dungeon Crawl Stone Soup version 0.31-a0-889-g1a8549509d (webtiles) character file.

Game seed: 9588269049343717711

714 protoss039 the Digger (level 7, 54/54 HPs)
             Began as a Demonspawn Earth Elementalist on Oct 16, 2023.
             Got out of the dungeon alive.
             The game lasted 00:06:11 (4421 turns).

protoss039 the Digger (DsEE)                        Turns: 4421, Time: 00:06:12

Health: 54/54      AC:  6    Str:  8    XL:     7   Next: 41%
Magic:  13/13      EV: 12    Int: 18    God:
Gold:   272        SH:  0    Dex: 14    Spells: 8/14 levels left

rFire   . . .        z - +3 hand axe
rCold   . . .        (no shield)
rNeg    . . .        a - +0 robe
rPois   .            o - +2 hat
rElec   .            (no cloak)
rCorr   +            i - +0 pair of gloves
SInv    .            r - +0 pair of boots
Will    .....        (no amulet)
Stlth   ++           j - ring of resist corrosion
HPRegen 0.29/turn    (no ring)
MPRegen 0.13/turn

%: no passive effects
@: no status effects
A: hooves 1, powered by pain 2, demonic magic 1
a: no special abilities


You escaped.
You visited 1 branch of the dungeon, and saw 4 of its levels.

You collected 272 gold pieces.

Inventory:

Hand Weapons
 z - a +3 hand axe (weapon)
Missiles
 B - 2 throwing nets
Armour
 a - a +0 robe (worn)
 i - a +0 pair of gloves (worn)
 o - a +2 hat (worn)
 r - a +0 pair of boots (worn)
Magical Staves
 g - a staff of cold
Jewellery
 j - a ring of resist corrosion (left hand)
 s - an amulet of guardian spirit
Wands
 w - a wand of paralysis (3)
 x - a wand of mindburst (27)
Scrolls
 c - a scroll of silence
 d - a scroll of summoning
 e - 2 scrolls of identify
 f - 2 scrolls of noise
 l - a scroll of enchant weapon {unknown}
 m - 2 scrolls of enchant armour {unknown}
 p - 2 scrolls of teleportation
 t - a scroll of revelation {unknown}
 u - a scroll of immolation {unknown}
 y - a scroll of vulnerability {unknown}
 A - a scroll of acquirement {unknown}
Potions
 b - a potion of magic
 h - a potion of lignification {unknown}
 k - a potion of heal wounds {unknown}
 n - 8 potions of curing
 q - a potion of cancellation {unknown}
 v - 3 potions of berserk rage {unknown}


   Skills:
 + Level 4.1 Fighting
 - Level 1.7 Dodging
 - Level 1.7 Stealth
 + Level 4.3 Spellcasting
 - Level 3.0 Conjurations
 - Level 0.8 Transmutations
 + Level 4.8 Earth Magic


You had 8 spell levels left.
You knew the following spells:

 Your Spells              Type           Power      Damage    Failure   Level
a - Sandblast             Erth           42%        2d11      1%          1
b - Passwall              Tmut/Erth      11%        N/A       7%          2
c - Stone Arrow           Conj/Erth      34%        3d9       9%          3

Your spell library contained the following spells:

 Spells                   Type           Power      Damage    Failure   Level
 Momentum Strike          Conj/Tloc      18%        3d8       12%         2
 Static Discharge         Conj/Air       18%        2-3/arc   12%         2
 Wereblood                Tmut           6%         N/A       16%         2
 Blink                    Tloc           6%         N/A       22%         2
 Lesser Beckoning         Tloc           6%         N/A       22%         2
 Sublimation of Blood     Necr           3%         N/A       22%         2
 Brom's Barrelling Bould  Conj/Erth      17%        2d4       28%         4
 Petrify                  Tmut/Erth      14%        N/A       41%         4
 Airstrike                Air            1%         2d(1-17)  82%         4
 Summon Lightning Spire   Summ/Air       3%         N/A       82%         4
 Summon Hydra             Summ           1%         N/A       100%        7


Dungeon Overview and Level Annotations

Branches:
Dungeon (4/15) Zot: 19467  Temple (0/1) D:4

Altars:
Okawaru


Innate Abilities, Weirdness & Mutations

You have large cloven feet.
You sometimes gain power by taking damage.
Spells you cast may paralyse adjacent enemies.


Message History

Items here: ))))))) [[.
You see here a +0 spear.
You see here a +0 spear.
There is a large open door here.
There is a large open door here.
You see here a +0 spear.
n - 8 potions of curing (gained 1) Done exploring.
Done exploring.
No target in view!
Done exploring.
No target in view!
Done exploring.
No target in view!
Done exploring.
Search for what [Enter for "."]? .
What level of the Dungeon? (default 3, ? - help)
Items here: ( ))) [.
There is a broken door, spattered with blood here.
You see here a +0 spear.
You see here a +0 short sword.
Things that are here:
a +0 spear; a +0 scale mail You see here a +0 whip.
There is an open door here.
You see here a +0 quarterstaff.
There is a huge open gate here.
There is a stone staircase leading up here.
You climb upwards.
There is a stone staircase leading down here.
You see here a +0 mace.
There is a stone staircase leading up here.
You climb upwards.
There is a stone staircase leading down here.
There is a stone staircase leading up here.
You climb upwards.
There is a stone staircase leading down here.
There is an open door here.
There is a staircase leading out of the dungeon here.
You have escaped!

#.# #............).........
#.# #.#.#.#.#.#.#.#.#.#.#.#
#.# #.#####.#.###..##.#####
#.# #....##...###..##.#####
#.# #......................
#.###....#'#......######.##
#......###.######.# #.#
#####.##P~.♣#####.# #.#
#.##P~@.'..##.# #.#
#.##P~.♣##.##.# #.#
#..###.##.....# #.# ####
#'##.##### #.# #....# #.##
###### #... ####


There were no monsters in sight!

Vanquished Creatures
  An orc warrior (D:4)
  A gnoll sergeant (D:4)
  A scorpion (D:4)
  A howler monkey (D:4)
  An orc priest (D:4)
  A hound (D:4)
  An iguana (D:4)
  An orc wizard (D:4)
  21 gnolls
  A shadow imp (D:4)
  2 worms
  3 dart slugs (D:1)
  21 orcs
  6 ball pythons
  2 bats (D:2)
  2 endoplasms (D:2)
  A giant cockroach (D:2)
  5 goblins
  11 hobgoblins
  21 jackals
  A quokka (D:1)
  A frilled lizard (D:1)
  3 kobolds
  6 rats
115 creatures vanquished.

Notes
Turn   | Place    | Note
-------+----------+-------------------------------------------
     0 | D:1      | protoss039 the Demonspawn Earth Elementalist began the
                  | quest for the Orb.
     0 | D:1      | Reached XP level 1. HP: 13/13 MP: 3/3
   127 | D:1      | Gained mutation: You have large cloven feet. [demonic
                  | ancestry]
   127 | D:1      | Reached XP level 2. HP: 20/20 MP: 1/5
   588 | D:1      | Reached skill level 1 in Fighting
   835 | D:1      | Reached XP level 3. HP: 23/26 MP: 3/6
  1240 | D:1      | Learned a level 2 spell: Passwall
  1244 | D:2      | Found an iron altar of Okawaru.
  1939 | D:2      | Learned a level 3 spell: Stone Arrow
  2047 | D:3      | Gained mutation: You sometimes gain a little power by
                  | taking damage. [demonic ancestry]
  2047 | D:3      | Reached XP level 4. HP: 31/33 MP: 6/8
  2714 | D:4      | Reached skill level 1 in Conjurations
  2894 | D:4      | Noticed a gnoll sergeant
  2903 | D:4      | Gained mutation: You sometimes gain power by taking damage.
                  | [demonic ancestry]
  2903 | D:4      | Reached XP level 5. HP: 19/39 MP: 9/9
  3123 | D:4      | Reached XP level 6. HP: 21/46 MP: 1/10
  3682 | D:4      | Gained mutation: Spells you cast may paralyse adjacent
                  | enemies. [demonic ancestry]
  3682 | D:4      | Reached XP level 7. HP: 52/52 MP: 8/12
  3878 | D:4      | Found a staircase to the Ecumenical Temple.
  4421 | D:$      | Got out of the dungeon alive.

Illustrated notes

Levels and vault maps discovered:
D:1:      tarquinn_simple_flora_water_e, layout_loops_ring, st_stairs_13,
          minmay_heptomino_o4
D:2:      layout_rooms, basic_altar
D:3:      layout_basic
D:4:      lemuel_castle_with_subvaults [lemuel_castle_interior_carwin_3],
          layout_cave_pools, minmay_temple_entry_glassed_door,
          guppyfry_early_orc_mine

Skill      XL: |  1  2  3  4  5  6  7 |
---------------+----------------------+-----
Fighting       | 1 2 3 4 |  4.1
Earth Magic    | 3 4 |  4.8
Conjurations   | 1 2 3 |  3.0
Spellcasting   | 3 4 |  4.3
Dodging        | |  1.7
Stealth        | |  1.7
Transmutations | |  0.8

Action                     |  1- 3 |  4- 6 |  7- 9 || total
---------------------------+-------+-------+-------++-------
  Melee: Unarmed           |    16 |       |       ||    16
         Club              |    27 |       |       ||    27
         Kick              |     6 |       |       ||     6
         Quarterstaff      |     5 |    23 |       ||    28
         Hand axe          |       |    64 |    16 ||    80
         Punch             |       |     1 |       ||     1
   Cast: Sandblast         |    56 |    62 |     7 ||   125
         Stone Arrow       |       |     8 |    10 ||    18
  Evoke: Wand              |       |     4 |       ||     4
    Use: Scroll            |     5 |       |       ||     5
   Stab: Sleeping          |     3 |       |       ||     3
         Distracted        |       |     1 |       ||     1
         Paralysed         |       |       |     7 ||     7
 Armour: Robe              |    42 |   101 |    14 ||   157
  Dodge: Dodged            |    46 |   124 |    12 ||   182

Table legend: (Time is in decaauts)
 A = Elapsed time spent in this place.
 B = Non-inter-level travel time spent in this place.
 C = Inter-level travel time spent in this place.
 D = Time resting spent in this place.
 E = Time spent auto-exploring this place.
 F = Levels seen in this place.
 G = Mean time per level.
                   A        B        C        D        E       F      G
               +--------+--------+--------+--------+--------+-----+--------+
         Total |   4532 |   4321 |    211 |    368 |   3053 |   4 | 1133.0 |
       Dungeon |   4532 |   4321 |    211 |    368 |   3053 |   4 | 1133.0 |
               +--------+--------+--------+--------+--------+-----+--------+

Top non-repeatable levels by time:
     D:4: 1839 daAuts
     D:1: 1338 daAuts
     D:3: 696 daAuts
     D:2: 658 daAuts
